 Dungeon Crawl Stone Soup version 0.22.2-1-ge965b3aba3 (webtiles) character file.

18680 Freitmort the Eclecticist (level 12, 0/60 HPs)
             Began as a Deep Elf Fire Elementalist on Sept 19, 2019.
             Was a High Priest of Vehumet.
             Slain by an orc warrior
             ... wielding a +0 halberd
             ... led by an orc high priest
              (26 damage)
             ... on level 2 of the Orcish Mines on Sept 26, 2019.
             The game lasted 02:28:45 (22642 turns).

Freitmort the Eclecticist (DEFE)                   Turns: 22642, Time: 02:28:46

Health: 0/60       AC:  7    Str:  7    XL:     12   Next: 29%
Magic:  14/34      EV: 16    Int: 28    God:    Vehumet [*****.]
Gold:   1256       SH:  0    Dex: 18    Spells: 4/43 levels left

rFire    . . .     SeeInvis +   w - +5 rapier of Kumnoips {protect, +Inv Int+4 Dex+3}
rCold    . . .     Gourm    +   (no shield)
rNeg     + . .     Faith    .   m - +2 robe {MR+}
rPois    .         Spirit   .   (no helmet)
rElec    .         Reflect  .   (no cloak)
rCorr    .         Harm     .   y - +2 pair of gloves
MR       ++...                  (no boots)
Stlth    +++.......             r - amulet of the gourmand
HPRegen  0.20/turn              A - ring of see invisible
MPRegen  0.24/turn              C - ring of positive energy

@: no status effects
A: no striking features
a: Renounce Religion, Evoke Invisibility


You were on level 2 of the Orcish Mines.
You worshipped Vehumet.
Vehumet was extremely pleased with you.
You were very full.

You visited 3 branches of the dungeon, and saw 14 of its levels.
You also visited: Bailey.

You collected 1256 gold pieces.

Inventory:

Hand Weapons
 p - a +2 blowgun
 w - the +5 rapier of Kumnoips (weapon) {protect, +Inv Int+4 Dex+3}
   (You found it on level 8 of the Dungeon)

   It protects the one who uses it against injury (+AC on strike).
   It affects your intelligence (+4).
   It affects your dexterity (+3).
   It lets you turn invisible.
Missiles
 l - 9 poisoned needles
Armour
 m - a +2 robe of magic resistance (worn)
 y - a +2 pair of gloves (worn)
Jewellery
 r - an amulet of the gourmand (around neck)
 A - a ring of see invisible (left hand)
 C - a ring of positive energy (right hand)
Wands
 a - a wand of clouds (3)
 E - a wand of enslavement (13)
 F - a wand of acid (18)
 G - a wand of flame (10)
Scrolls
 f - 6 scrolls of teleportation
 h - 11 scrolls of remove curse
 k - 3 scrolls of noise
 n - 4 scrolls of immolation
 o - a scroll of fear
 s - a scroll of fog
 t - 3 scrolls of identify
 D - a scroll of enchant armour
Potions
 e - 5 potions of curing
 g - 3 potions of flight
 i - a potion of lignification
 j - a potion of magic
 q - a potion of mutation
 u - 2 potions of invisibility
 v - 2 potions of ambrosia
 x - 2 potions of brilliance
 z - a potion of haste
 I - 2 potions of berserk rage
 K - a potion of might
Miscellaneous
 J - a sack of spiders
Comestibles
 c - 17 rations


   Skills:
 - Level 1.0 Fighting
 - Level 1.0 Short Blades
 + Level 5.6 Dodging
 + Level 4.9 Stealth
 * Level 16.0 Spellcasting
 * Level 11.9 Conjurations
 + Level 7.6 Fire Magic
 - Level 1.0 Ice Magic
 - Level 1.0 Air Magic
 + Level 5.0 Earth Magic
 * Level 5.7 Poison Magic
 + Level 2.0 Evocations


You had 4 spell levels left.
You knew the following spells:

 Your Spells              Type           Power        Failure   Level  Hunger
a - Flame Tongue          Conj/Fire      #####        1%          1    None
b - Throw Flame           Conj/Fire      ######       1%          2    None
c - Conjure Flame         Conj/Fire      ######..     1%          3    None
d - Sticky Flame          Conj/Fire      ######..     1%          4    None
e - Magic Dart            Conj           ####         0%          1    None
f - Fireball              Conj/Fire      ######....   1%          5    None
g - Mephitic Cloud        Conj/Pois/Air  ######..     1%          3    None
h - Shock                 Conj/Air       ####         1%          1    None
i - Freeze                Ice            ####         1%          1    None
j - Stone Arrow           Conj/Erth      ######       1%          3    None
k - Fulminant Prism       Conj/Hex       ######....   1%          4    None
l - Lightning Bolt        Conj/Air       ######....   1%          5    None
m - Bolt of Fire          Conj/Fire      ######....   1%          6    ###....

Your spell library contained the following spells:

 Spells                   Type           Power        Failure   Level  Hunger
 Orb of Destruction       Conj           ######....   4%          7    #####..
 Ignite Poison            Fire/Tmut/Pois #####...     1%          3    None
 Inner Flame              Hex/Fire       #####...     1%          3    None
 Spider Form              Tmut/Pois      #####.....   1%          3    None
 Beastly Appendage        Tmut           ###...       2%          1    None
 Blink                    Tloc           N/A          3%          2    None
 Call Imp                 Summ           ###.....     3%          2    None
 Corpse Rot               Necr           N/A          3%          2    None
 Slow                     Hex            ###.....     3%          2    None
 Sticks to Snakes         Tmut           ###.....     3%          2    None
 Sublimation of Blood     Necr           ###.......   3%          2    None
 Ice Form                 Ice/Tmut       ####....     17%         4    None
 Bolt of Draining         Conj/Necr      ######....   1%          5    None
 Agony                    Necr           ###.....     52%         5    None
 Blade Hands              Tmut           ###.......   52%         5    None
 Dispel Undead            Necr           ###.....     52%         5    None
 Excruciating Wounds      Chrm/Necr      ###.......   52%         5    None
 Ignition                 Fire           ######....   80%         8    ######.
 Ring of Flames           Chrm/Fire      #####.....   98%         7    #####..


Dungeon Overview and Level Annotations

Branches:
Dungeon (11/15)            Temple (0/1) D:5            Lair (1/6) D:11
    Orc (2/2) D:11            Elf (0/3) Orc:2

Altars:
Cheibriados
Fedhas
Qazlal
Ru
Sif Muna
Trog
Vehumet
The Shining One
Beogh

Annotations:
D:3 exclusion: eye of draining
D:4 3 runed doors, Elizilla's ghost, amateur FoFi; mpzz's ghost, amateur TeAE; stillor's ghost, amateur DEWz


Message History

Confirm with . or Enter, or press ? or * to list all spells.
Aiming: Stone Arrow (safe; 1% risk of failure)
Press: ? - help, Shift-Dir - straight line, f - warg
Aim: a warg The stone arrow misses the warg.
You hear a howl!
Casting: Stone Arrow (safe; 1% risk of failure)
Confirm with . or Enter, or press ? or * to list all spells.
Aiming: Sticky Flame (safe; 1% risk of failure)
Press: ? - help, Shift-Dir - straight line, f/p - warg
Aim: a warg The sticky flame hits the warg.
The warg is lightly wounded.
The warg is covered in liquid flames!
The warg burns!
The warg bites you! The warg bites you but does no damage.
The warg burns!
The warg bites you!
The warg burns!
The orc warrior misses you.
The warg burns!
The warg stops burning.
The orc warrior hits you from afar with a halberd!!
You die...

....).)... .........
##.......#
##.#....[.###
#........##.##
##.#..)....<.#
#......#o....#
###....(.#..h.##
##.......##..@..#.###
#........##..(..$...#
##........#$....#####
##......#$#...##
##......).[.###
##...<.....#.#
##.........#
##.......##
#....>.####


You could see a warg and an orc warrior.

Vanquished Creatures
  Harold (D:8)
  A hydra (D:8)
  Erica (D:11)
  An orc knight (Orc:1)
  A deep elf mage (D:11)
  2 orc sorcerers
  Joseph (D:11)
  A kobold demonologist (D:11)
  4 trolls
  A hornet (D:11)
  2 dream sheep (D:8)
  2 hippogriffs (D:11)
  Sigmund (D:4)
  17 yaks
  Eustachio (D:5)
  2 hungry ghosts
  Menkaure (D:5)
  A warg (Orc:2)
  2 water moccasins (D:8)
  A porcupine (D:11)
  17 orc warriors
  2 sky beasts
  4 ice beasts
  11 ogres
  3 centaurs
  5 phantoms
  A necrophage (D:7)
  A crocodile (D:11)
  22 big kobolds
  5 bullfrogs
  A gnoll sergeant (D:10)
  A water moccasin zombie (D:5)
  4 scorpions
  10 killer bees
  13 wights
  5 howler monkeys
  4 crimson imps
  A bullfrog zombie (D:8)
  A centaur zombie (D:10)
  4 hounds
  A bullfrog skeleton (D:9)
  A gnoll shaman (D:9)
  12 orc priests
  9 orc wizards
  Ijyb (D:4)
  5 iguanas
  13 worker ants
  A killer bee zombie (D:9)
  A hound zombie (D:8)
  4 hound skeletons
  11 gnolls
  A worker ant zombie (D:8)
  14 adders
  3 shadow imps
  2 adder skeletons
  2 worms
  4 dart slugs
  2 leopard geckos
  67 orcs
  3 ball pythons
  3 bats
  5 giant cockroaches
  6 hobgoblins
  6 jackals
  26 kobolds
  10 quokkas
  2 frilled lizards
  9 goblins
  A jackal zombie (D:7)
  2 quokka skeletons
  A quokka zombie (D:5)
  6 rats
  A plant (D:8)
394 creatures vanquished.

Vanquished Creatures (others)
  A jelly (D:11)
  A bush (D:4)
  2 fulminant prisms (D:10)
  3 fungi (D:11)
  2 plants (D:11)
  2 withered plants (D:4)
11 creatures vanquished.

Grand Total: 405 creatures vanquished

Notes
Turn   | Place    | Note
-------+----------+-------------------------------------------
     0 | D:1      | Freitmort the Deep Elf Fire Elementalist began the quest
                  | for the Orb.
     0 | D:1      | Reached XP level 1. HP: 10/10 MP: 6/6
   354 | D:1      | Reached XP level 2. HP: 15/15 MP: 1/8
   623 | D:1      | Learned a level 2 spell: Throw Flame
  1320 | D:2      | Reached XP level 3. HP: 19/19 MP: 6/9
  1325 | D:2      | Learned a level 3 spell: Conjure Flame
  2252 | D:3      | Noticed an eye of draining
  2253 | D:3      | Found a bloodstained altar of Trog.
  2529 | D:3      | Reached XP level 4. HP: 24/24 MP: 1/11
  2857 | D:3      | Noticed an eye of draining
  2857 | D:3      | Noticed an eye of draining
  3252 | D:3      | Learned a level 4 spell: Sticky Flame
  4138 | D:4      | Reached skill level 4 in Spellcasting
  4138 | D:4      | Reached XP level 5. HP: 22/28 MP: 2/13
  4274 | D:4      | Noticed an ogre
  4294 | D:4      | Killed an ogre
  4294 | D:4      | Reached skill level 5 in Fire Magic
  4397 | D:4      | Noticed an ogre
  4429 | D:4      | Reached skill level 5 in Spellcasting
  4534 | D:4      | Reached XP level 6. HP: 33/33 MP: 8/15
  4656 | D:5      | Entered Level 5 of the Dungeon
  4656 | D:5      | Found a glowing golden altar of the Shining One.
  4656 | D:5      | Found a blossoming altar of Fedhas.
  5159 | D:5      | Noticed Eustachio
  5186 | D:4      | Found a runed gate.
  5186 | D:4      | Found a runed gate.
  5186 | D:4      | Found a runed gate.
  5186 | D:4      | Noticed mpzz's ghost (amateur TeAE)
  5186 | D:4      | Noticed Elizilla's ghost (amateur FoFi)
  5187 | D:4      | Noticed stillor's ghost (amateur DEWz)
  5190 | D:4      | Noticed Sigmund
  5197 | D:4      | Killed Sigmund
  5197 | D:4      | Reached skill level 6 in Spellcasting
  5546 | D:4      | Reached XP level 7. HP: 37/37 MP: 9/18
  5793 | D:4      | Noticed Ijyb
  5805 | D:4      | Killed Ijyb
  5952 | D:4      | Found a radiant altar of Vehumet.
  5957 | D:4      | Became a worshipper of Vehumet
  6408 | D:5      | Reached skill level 7 in Spellcasting
  6864 | D:5      | Killed Eustachio
  7125 | D:5      | Reached XP level 8. HP: 38/42 MP: 4/21
  7231 | D:5      | Reached skill level 8 in Spellcasting
  7674 | D:5      | Reached * piety under Vehumet
  7674 | D:5      | Offered knowledge of Shock by Vehumet.
  7977 | D:5      | Learned a level 1 spell: Magic Dart
  7983 | D:5      | Learned a level 5 spell: Fireball
  7987 | D:5      | Learned a level 3 spell: Mephitic Cloud
  8071 | D:5      | Found a snail-covered altar of Cheibriados.
  8181 | D:5      | Noticed Menkaure
  8185 | D:5      | Killed Menkaure
  8185 | D:5      | Reached skill level 1 in Fighting
  8282 | D:5      | Found a staircase to the Ecumenical Temple.
  8691 | D:6      | Reached skill level 1 in Short Blades
  8691 | D:6      | Reached skill level 1 in Poison Magic
  8863 | D:6      | Learned a level 1 spell: Shock
  8906 | D:6      | Reached skill level 5 in Conjurations
  9037 | D:6      | Reached skill level 9 in Spellcasting
  9487 | D:6      | Reached skill level 1 in Air Magic
 10120 | D:7      | Reached XP level 9. HP: 36/47 MP: 19/24
 10202 | D:7      | Found a deep blue altar of Sif Muna.
 10779 | D:7      | Reached skill level 1 in Evocations
 11289 | D:7      | Reached skill level 10 in Spellcasting
 11483 | D:7      | Reached ** piety under Vehumet
 11483 | D:7      | Offered knowledge of Freeze by Vehumet.
 11521 | D:7      | Learned a level 1 spell: Freeze
 11838 | D:7      | Found a sacrificial altar of Ru.
 12535 | D:7      | Reached skill level 1 in Ice Magic
 12932 | D:8      | Found a flagged portal.
 12947 | D:8      | Got a bone rapier
 12979 | D:8      | Identified the +5 rapier of Kumnoips {protect, +Inv Int+4
                  | Dex+3} (You found it on level 8 of the Dungeon)
 12981 | Bailey   | Entered a bailey
 13029 | Bailey   | Noticed an orc warlord
 13365 | Bailey   | Found a runed gate.
 13365 | Bailey   | Found a runed gate.
 13384 | Bailey   | Found a runed gate.
 13414 | Bailey   | Reached skill level 11 in Spellcasting
 13422 | Bailey   | Offered knowledge of Stone Arrow by Vehumet.
 13427 | Bailey   | Learned a level 3 spell: Stone Arrow
 13642 | D:8      | Noticed Harold
 13722 | D:8      | Killed Harold
 13722 | D:8      | Reached skill level 1 in Earth Magic
 13722 | D:8      | Reached XP level 10. HP: 38/52 MP: 1/27
 14325 | D:8      | Reached *** piety under Vehumet
 14511 | D:8      | Reached skill level 12 in Spellcasting
 14661 | D:8      | Noticed a two-headed hydra
 14824 | D:8      | Killed a two-headed hydra
 14824 | D:8      | Reached skill level 13 in Spellcasting
 15266 | D:9      | Offered knowledge of Fulminant Prism by Vehumet.
 15272 | D:9      | Learned a level 4 spell: Fulminant Prism
 15486 | D:9      | Noticed Joseph
 16020 | D:9      | Reached skill level 5 in Dodging
 16059 | D:9      | Reached skill level 10 in Conjurations
 16059 | D:9      | Reached XP level 11. HP: 16/56 MP: 17/30
 16565 | D:9      | Reached **** piety under Vehumet
 16970 | D:10     | Entered Level 10 of the Dungeon
 16987 | D:10     | Offered knowledge of Lightning Bolt by Vehumet.
 16994 | D:10     | Learned a level 5 spell: Lightning Bolt
 17088 | D:10     | Identified a scroll of acquirement
 17776 | D:10     | Reached skill level 14 in Spellcasting
 18487 | D:11     | Found a staircase to the Orcish Mines.
 18678 | D:11     | Found a staircase to the Lair.
 18862 | D:11     | Noticed a deep elf mage
 18876 | D:11     | Killed a deep elf mage
 19460 | D:11     | Killed Joseph
 19923 | D:11     | Reached skill level 15 in Spellcasting
 19931 | D:11     | Reached skill level 5 in Earth Magic
 19935 | D:11     | Noticed Erica
 19974 | D:11     | Reached ***** piety under Vehumet
 20063 | D:11     | Killed Erica
 20063 | D:11     | Offered knowledge of Orb of Destruction by Vehumet.
 20205 | D:11     | Reached skill level 5 in Poison Magic
 20436 | D:11     | Learned a level 6 spell: Bolt of Fire
 20667 | D:11     | Found a stormy altar of Qazlal.
 20847 | Lair:1   | Entered Level 1 of the Lair of Beasts
 20856 | D:11     | Reached XP level 12. HP: 43/60 MP: 10/33
 20990 | Orc:1    | Entered Level 1 of the Orcish Mines
 21863 | Orc:2    | Entered Level 2 of the Orcish Mines
 21863 | Orc:2    | Found a staircase to the Elven Halls.
 21960 | Orc:2    | Noticed an orc warlord
 22102 | Orc:2    | Found a roughly hewn altar of Beogh.
 22302 | Orc:1    | Reached skill level 16 in Spellcasting
 22642 | Orc:2    | Slain by an orc warrior

Skill      XL: |  1  2  3  4  5  6  7  8  9 10 11 12 |
---------------+-------------------------------------+-----
Fire Magic     | 4 5 6 7 |  7.6
Dodging        | 3 4 5 |  5.6
Stealth        | 3 4 |  4.9
Conjurations   | 2 3 4 6 8 10 11 | 11.9
Spellcasting   | 4 5 6 7 9 11 13 15 16 | 16.0
Fighting       | 1 |  1.0
Short Blades   | 1 |  1.0
Poison Magic   | 1 2 3 5 |  5.7
Air Magic      | 1 |  1.0
Evocations     | 2 |  2.0
Ice Magic      | 1 |  1.0
Earth Magic    | 1 4 5 |  5.0

Action                   |  1- 3 |  4- 6 |  7- 9 | 10-12 || total
-------------------------+-------+-------+-------+-------++-------
Melee: Unarmed           |    19 |       |       |       ||    19
       Short sword       |    36 |    21 |    33 |       ||    90
       Club              |    12 |       |       |       ||    12
       Rapier            |       |       |       |     9 ||     9
 Cast: Flame Tongue      |    24 |     2 |       |       ||    26
       Throw Flame       |    42 |    59 |    72 |   201 ||   374
       Sticky Flame      |       |    13 |    80 |    93 ||   186
       Conjure Flame     |       |     1 |     8 |     2 ||    11
       Fireball          |       |       |    26 |    60 ||    86
       Magic Dart        |       |       |    69 |     8 ||    77
       Shock             |       |       |     7 |     6 ||    13
       Freeze            |       |       |     2 |       ||     2
       Stone Arrow       |       |       |       |    25 ||    25
       Lightning Bolt    |       |       |       |     9 ||     9
       Fulminant Prism   |       |       |       |     2 ||     2
       Bolt of Fire      |       |       |       |     6 ||     6
       Mephitic Cloud    |       |       |       |     1 ||     1
Evoke: Wand              |       |       |     2 |       ||     2
  Use: Scroll            |     4 |       |    11 |    13 ||    28
       Potion            |     2 |       |     1 |     4 ||     7
  Eat: Chunk             |     4 |     7 |    26 |    39 ||    76
       Ration            |     1 |     1 |     3 |     1 ||     6
Armor: Robe              |    27 |     6 |    20 |    18 ||    71
Dodge: Dodged            |    97 |    42 |    92 |   109 ||   340
